 Dungeon Crawl Stone Soup version 0.17.0-23-g0de4337 (webtiles) character file.

3889 kae the Arsonist (level 10, -10/51 HPs)
             Began as a Tengu Fire Elementalist on Nov 13, 2015.
             Was a Follower of Vehumet.
             Mangled by a komodo dragon (12 damage)
             ... on level 9 of the Dungeon.
             The game lasted 00:22:33 (12148 turns).

kae the Arsonist (Tengu Fire Elementalist)         Turns: 12148, Time: 00:22:33

Health: -10/51     AC:  4    Str:  9    XL:     10   Next: 19%
Magic:  4/21       EV: 12    Int: 24    God:    Vehumet [*.....]
Gold:   442        SH:  0    Dex: 14    Spells: 6 memorised, 7 levels left

rFire  + . .     SeeInvis .     c - staff of conjuration
rCold  x . .     Clarity  .     g - +0 robe
rNeg   . . .     SustAt   .     (no shield)
rPois  .         Gourm    .     r - +1 hat
rElec  .         Spirit   .     (no cloak)
rCorr  .         Warding  .     G - +0 pair of gloves (curse)
rMut   .         Stasis   .     (boots unavailable)
MR     .....                    H - amulet of rage
Stlth  ++........               D - +5 ring of intelligence
                                h - ring of fire

@: not resistant to hostile enchantments, unstealthy
A: beak, talons 3, able to fly 1
a: Fly, Renounce Religion, Evoke Berserk Rage


You were on level 9 of the Dungeon.
You worshipped Vehumet.
Vehumet was aware of your devotion.
You were not hungry.

You visited 2 branches of the dungeon, and saw 10 of its levels.

You collected 442 gold pieces.

Inventory:

Hand Weapons
 a - a +0 dagger of venom
 b - a +0 halberd
Missiles
 e - 28 steel sling bullets
Armour
 g - a +0 robe (worn)
 r - a +1 hat (worn)
 G - a cursed +0 pair of gloves (worn)
Magical Staves
 c - an uncursed staff of conjuration (weapon)
Jewellery
 h - a ring of fire (left hand)
 m - an uncursed ring of protection from magic
 D - a +5 ring of intelligence (right hand)
 E - an uncursed ring of stealth
 H - an amulet of rage (around neck)
Wands
 w - a wand of fire (10)
 y - a wand of disintegration (10)
 A - a wand of draining (4)
 J - a wand of slowing (35)
Scrolls
 k - 3 scrolls of remove curse
 p - a scroll of fog
 z - 4 scrolls of recharging
 F - a scroll of magic mapping
 I - a scroll of noise
 K - a scroll of teleportation
Potions
 d - a potion of magic
 i - a potion of cancellation {unknown}
 j - 2 potions of brilliance
 o - a potion of might
 s - 3 potions of flight
 t - 3 potions of agility
 v - a potion of cure mutation
 x - a potion of heal wounds
 B - a potion of haste
 M - 2 potions of curing
Books
 f - a book of Unlife

   Spells                             Type                      Level
   a - Recall                         Summoning/Translocation      3
   b - Animate Dead                   Necromancy                   4
   c - Control Undead                 Necromancy                   4
   d - Cigotuvi's Embrace             Necromancy                   5
   e - Death Channel                  Necromancy                   6
   f - Simulacrum                     Ice/Necromancy               6
 n - a book of Flames

   Spells                             Type                      Level
   a - Flame Tongue                   Conjuration/Fire             1
   b - Throw Flame                    Conjuration/Fire             2
   c - Conjure Flame                  Conjuration/Fire             3
   d - Inner Flame                    Hexes/Fire                   3
   e - Sticky Flame                   Conjuration/Fire             4
   f - Fireball                       Conjuration/Fire             5
Comestibles
 l - 2 slices of pizza
 q - 2 meat rations
 u - 4 bread rations
 C - 2 beef jerkies
 L - a fruit
 N - a chunk of flesh


   Skills:
 + Level 0.4 Fighting
 - Level 2.1 Dodging
 - Level 2.0 Stealth
 - Level 7.2 Spellcasting
 - Level 7.5 Conjurations
 - Level 12.0 Fire Magic


You had 7 spell levels left.
You knew the following spells:

 Your Spells              Type           Power        Failure   Level  Hunger
a - Flame Tongue          Conj/Fire      #####        1%          1    None
b - Throw Flame           Conj/Fire      ######       1%          2    None
c - Conjure Flame         Conj/Fire      #######.     1%          3    None
d - Sticky Flame          Conj/Fire      #######.     1%          4    ###....
e - Fireball              Conj/Fire      #######...   3%          5    #####..
f - Shock                 Conj/Air       ####         1%          1    None


Dungeon Overview and Level Annotations

Branches:
Dungeon (9/15)             Temple (1/1) D:6
   Lair: D:8-11         Orc: D:9-12

Altars:
Ashenzari
Cheibriados
Dithmenos
Elyvilon
Fedhas
Gozag
Makhleb
Nemelex Xobeh
Okawaru
Qazlal
Ru
Sif Muna
Trog
Vehumet
Xom
Zin
The Shining One


Innate Abilities, Weirdness & Mutations

You have a beak for a mouth.
You have claws for feet.
You can fly.


Message History

Press: ? - help, Shift-Dir - straight line, f/p - komodo dragon
Aim: a komodo dragon (moderately wounded)
You feel a strong surge of power!
The flame tongue hits the komodo dragon.
The komodo dragon is heavily wounded.
The komodo dragon bites you!!
Ouch! That really hurt!
Casting: Flame Tongue
Confirm with . or Enter, or press ? or * to list all spells.
Aiming: Sticky Flame
Press: ? - help, Shift-Dir - straight line, f/p - komodo dragon
Aim: a komodo dragon (heavily wounded)
You feel a strong surge of power!
The sticky flame hits the komodo dragon.
The komodo dragon is severely wounded.
The komodo dragon is covered in liquid flames!
The komodo dragon burns!
The komodo dragon bites you!
* * * LOW HITPOINT WARNING * * *
The komodo dragon burns!
The komodo dragon bites you!
You die...

####### #.....#
#.....#
#.....#########
#.....@l.......
.<#####.....#########
#.....'.....#
#######.....# ##'####
#.# #.# ##########
#.### ####.........
#...# #..'.........


You could see a komodo dragon (burning).

Vanquished Creatures
  The ghost of deconix the Ducker, a novice TrWr of Nemelex Xobeh (D:5)
  Joseph (D:7)
  A hungry ghost (D:8)
  Menkaure (D:7)
  A water moccasin (D:7)
  2 orc warriors
  A sky beast (D:8)
  2 phantoms
  A necrophage (D:6)
  2 centaurs
  6 ogres
  A big kobold (D:7)
  2 giant frogs
  2 scorpions (D:7)
  4 killer bees (D:8)
  5 crimson imps
  A wasp zombie (D:7)
  A jelly (D:5)
  An iguana (D:8)
  An orc wizard (D:7)
  A giant frog skeleton (D:7)
  6 hounds
  4 orc priests
  10 worker ants
  A hound zombie (D:7)
  6 gnolls
  11 adders
  4 oozes
  An adder zombie (D:8)
  4 worms
  An adder skeleton (D:8)
  5 giant geckos
  25 orcs
  16 goblins
  10 hobgoblins
  13 jackals
  19 kobolds
  2 ball pythons
  8 bats
  3 giant cockroaches
  A giant gecko skeleton (D:6)
  14 giant newts
  3 rats
205 creatures vanquished.

Notes
Turn   | Place    | Note
--------------------------------------------------------------
     0 | D:1      | kae the Tengu Fire Elementalist began the quest for the Orb.
     0 | D:1      | Reached XP level 1. HP: 10/10 MP: 4/4
   306 | D:1      | Reached XP level 2. HP: 15/15 MP: 1/6
   610 | D:1      | Reached skill level 4 in Fire Magic
   789 | D:1      | Reached XP level 3. HP: 19/19 MP: 2/7
  1166 | D:2      | Learned a level 2 spell: Throw Flame
  1170 | D:2      | Learned a level 3 spell: Conjure Flame
  1702 | D:2      | Reached XP level 4. HP: 15/24 MP: 5/8
  2553 | D:3      | Found a glowing golden altar of the Shining One.
  3408 | D:4      | Reached skill level 5 in Fire Magic
  3408 | D:4      | Gained mutation: You can fly. [Tengu growth]
  3408 | D:4      | Reached XP level 5. HP: 28/28 MP: 4/9
  3627 | D:4      | Found a shadowy altar of Dithmenos.
  3677 | D:4      | Reached skill level 5 in Conjurations
  4080 | D:4      | Reached XP level 6. HP: 32/32 MP: 10/10
  4529 | D:4      | Found a burning altar of Makhleb.
  4546 | D:4      | Found a stormy altar of Qazlal.
  4604 | D:4      | Noticed a phantom
  4675 | D:4      | Killed a phantom
  4675 | D:4      | Reached skill level 6 in Conjurations
  5205 | D:4      | Reached XP level 7. HP: 36/36 MP: 3/11
  5828 | D:5      | Entered Level 5 of the Dungeon
  5887 | D:5      | Reached skill level 7 in Conjurations
  6326 | D:5      | Noticed deconix's ghost (novice TrWr)
  6695 | D:5      | Learned a level 4 spell: Sticky Flame
  7105 | D:5      | Found a deep blue altar of Sif Muna.
  7520 | D:5      | Killed deconix's ghost
  7520 | D:5      | Reached XP level 8. HP: 18/41 MP: 4/16
  7651 | D:5      | Reached skill level 5 in Spellcasting
  7852 | D:6      | Identified a scroll of acquirement
  7861 | D:6      | Learned a level 5 spell: Fireball
  8414 | D:6      | Found a staircase to the Ecumenical Temple.
  8422 | Temple   | Entered the Ecumenical Temple
  8478 | Temple   | Became a worshipper of Vehumet
  8705 | D:6      | Reached XP level 9. HP: 45/45 MP: 15/20
  9102 | D:6      | Found an iron altar of Okawaru.
  9536 | D:7      | Noticed Joseph
  9554 | D:7      | HP: 1/45 [Joseph/uncursed quarterstaff (5)]
  9556 | D:7      | Killed Joseph
  9556 | D:7      | Reached skill level 8 in Fire Magic
  9866 | D:7      | Noticed Menkaure
  9997 | D:7      | Reached skill level 9 in Fire Magic
 10382 | D:7      | Reached skill level 10 in Fire Magic
 10604 | D:7      | Killed Menkaure
 10707 | D:8      | Reached * piety under Vehumet
 10707 | D:8      | Offered knowledge of Shock by Vehumet.
 10710 | D:8      | Learned a level 1 spell: Shock
 10957 | D:8      | Reached skill level 11 in Fire Magic
 11361 | D:8      | Reached XP level 10. HP: 34/50 MP: 14/21
 12045 | D:8      | Reached skill level 12 in Fire Magic
 12147 | D:9      | HP: 2/51 [komodo dragon (14)]
 12148 | D:9      | Mangled by a komodo dragon

Action                   |  1- 3 |  4- 6 |  7- 9 | 10-12 || total
-------------------------+-------+-------+-------+-------++-------
Melee: Dagger            |    64 |   141 |   164 |       ||   369
       Halberd           |       |       |    15 |       ||    15
       Staff             |       |       |     7 |     1 ||     8
 Cast: Flame Tongue      |    22 |    51 |   188 |    25 ||   286
       Throw Flame       |       |     5 |    30 |    24 ||    59
       Conjure Flame     |       |     2 |     6 |       ||     8
       Sticky Flame      |       |       |    12 |     4 ||    16
       Fireball          |       |       |     2 |       ||     2
  Use: Scroll            |       |     9 |    11 |       ||    20
       Potion            |       |       |     9 |       ||     9
 Stab: Sleeping          |     3 |     6 |     3 |       ||    12
  Eat: Chunk             |     3 |    12 |    16 |     4 ||    35
       Meat ration       |       |       |     1 |       ||     1
       Pizza             |       |       |     1 |       ||     1
       Fruit             |       |       |       |     1 ||     1
